 Dungeon Crawl Stone Soup version 0.21.1-1-g345015fe64 (webtiles) character file.

92 Ablot the Sneak (level 4, -2/32 HPs)
             Began as a Gnoll Enchanter on July 20, 2018.
             Killed from afar by Sigmund (8 damage)
             ... with a puff of flame
             ... on level 2 of the Dungeon.
             The game lasted 00:05:18 (1454 turns).

Ablot the Sneak (Gnoll Enchanter)                   Turns: 1454, Time: 00:05:19

Health: -2/32      AC:  6    Str: 11    XL:     4   Next: 60%
Magic:  11/11      EV: 15    Int: 17    God:
Gold:   126        SH:  0    Dex: 16    Spells: 12/13 levels left

rFire    . . .     SeeInvis .   a - +1 dagger
rCold    . . .     Gourm    .   (no shield)
rNeg     . . .     Faith    .   f - +2 robe
rPois    .         Spirit   .   j - +0 helmet
rElec    .         Reflect  .   (no cloak)
rCorr    .         Harm     .   (no gloves)
MR       .....                  h - +0 pair of boots
Stlth    +.........             (no amulet)
HPRegen  0.10/turn              (no ring)
MPRegen  0.12/turn              (no ring)

@: confused
A: distributed training, fangs 1, strong nose
a: no special abilities


You were on level 2 of the Dungeon.
You were not hungry.

You visited 1 branch of the dungeon, and saw 2 of its levels.

You collected 126 gold pieces.

Inventory:

Hand Weapons
 a - a +1 dagger (weapon)
Missiles
 l - 23 sling bullets
Armour
 f - a +2 robe (worn)
 h - a +0 pair of boots (worn)
 j - a +0 helmet (worn)
Scrolls
 g - 2 scrolls of fear
 m - 2 scrolls of remove curse {unknown}
 o - a scroll of enchant armour {unknown}
 p - a scroll of identify {unknown}
Potions
 e - a potion of curing {unknown}
 i - a potion of brilliance {unknown}
 k - a potion of agility {unknown}
 n - 2 potions of lignification {unknown}
Books
 c - a book of Maledictions

   Spells                             Type                      Level
   a - Corona                         Hexes                        1
   b - Ensorcelled Hibernation        Hexes/Ice                    2
   c - Confuse                        Hexes                        3
   d - Tukima's Dance                 Hexes                        3
   e - Dazzling Spray                 Conjuration/Hexes            3
Comestibles
 b - 3 chunks of flesh
 d - 3 rations


   Skills:
 + Level 1.1 Fighting
 + Level 2.7 Short Blades
 + Level 1.1 Long Blades
 + Level 1.1 Axes
 + Level 1.1 Maces & Flails
 + Level 1.1 Polearms
 + Level 1.1 Staves
 + Level 1.1 Slings
 + Level 1.1 Bows
 + Level 1.1 Crossbows
 + Level 1.1 Throwing
 + Level 1.1 Armour
 + Level 4.6 Dodging
 + Level 6.0 Stealth
 + Level 1.1 Shields
 + Level 1.1 Unarmed Combat
 + Level 5.1 Spellcasting
 + Level 0.9 Conjurations
 + Level 5.4 Hexes
 + Level 0.9 Charms
 + Level 0.9 Summonings
 + Level 0.9 Necromancy
 + Level 0.9 Translocations
 + Level 0.9 Transmutations
 + Level 0.9 Fire Magic
 + Level 0.9 Ice Magic
 + Level 0.9 Air Magic
 + Level 0.9 Earth Magic
 + Level 0.9 Poison Magic
 + Level 1.2 Invocations
 + Level 1.1 Evocations


You had 12 spell levels left.
You knew the following spells:

 Your Spells              Type           Power        Failure   Level  Hunger
a - Corona                Hex            ###....      1%          1    None


Dungeon Overview and Level Annotations

Branches:
Dungeon (2/15)

Altars:
Uskayaw

Annotations:
D:2 Sigmund


Innate Abilities, Weirdness & Mutations

Your experience applies equally to all skills.
You have very sharp teeth.
Your uncanny sense of smell can sniff out nearby items.


Message History

The adder misses you.
You hear some strange, mumbled words.
A puff of flame appears from out of thin air!
The puff of flame misses you.
You closely miss the adder. Your bite misses the adder.
The adder is almost dead.
The adder barely misses you. The adder completely misses you.
You're too confused to move!
The adder stops glowing.
Something completely misses you. The adder misses you.
You hit the adder.
You kill the adder!
Something hits you.
Unknown command.
Something hits you.
* * * LOW HITPOINT WARNING * * *
You're too confused to move!
You hear some strange, mumbled words.
A puff of flame appears from out of thin air!
The puff of flame hits you!
You die...

#.### #.# #.# #>#
#.# #.# #.# #.# #.#
#.# #.## #.# #.#
#.#.## #.# #.#
##.###.## #.# #.###
#.## ##.# #.####
#...# ##.###.##
#....# ..#.#
#.@#.## ####.#
....# ##.#<## #...#
♣...# ##.†.##
#######.### .♣..##
#..#..............#
_.♣..#####
#....############.#
.♣..............##
#.#
♣...#########.###
#.# .......... ..
#.# .######### ###
#.#


There were no monsters in sight!

Vanquished Creatures
  Jessica (D:2)
  An adder (D:2)
  2 oozes (D:1)
  2 dart slugs
  A leopard gecko (D:1)
  3 giant cockroaches
  5 goblins
  6 hobgoblins
  A quokka (D:2)
  2 ball pythons (D:2)
  3 bats
  4 frilled lizards
  8 kobolds
  6 rats
45 creatures vanquished.

Notes
Turn   | Place    | Note
-------+----------+-------------------------------------------
     0 | D:1      | Ablot the Gnoll Enchanter began the quest for the Orb.
     0 | D:1      | Reached XP level 1. HP: 13/13 MP: 6/6
    37 | D:1      | Reached XP level 2. HP: 19/19 MP: 7/7
   255 | D:1      | Reached XP level 3. HP: 25/25 MP: 9/9
   266 | D:1      | Reached skill level 5 in Spellcasting
   360 | D:1      | Reached skill level 6 in Stealth
   710 | D:2      | Noticed Jessica
   717 | D:2      | Killed Jessica
   717 | D:2      | Reached skill level 1 in Fighting
   717 | D:2      | Reached skill level 1 in Long Blades
   717 | D:2      | Reached skill level 1 in Axes
   717 | D:2      | Reached skill level 1 in Maces & Flails
   717 | D:2      | Reached skill level 1 in Polearms
   717 | D:2      | Reached skill level 1 in Staves
   717 | D:2      | Reached skill level 1 in Slings
   717 | D:2      | Reached skill level 1 in Bows
   717 | D:2      | Reached skill level 1 in Crossbows
   717 | D:2      | Reached skill level 1 in Throwing
   717 | D:2      | Reached skill level 1 in Armour
   717 | D:2      | Reached skill level 1 in Shields
   717 | D:2      | Reached skill level 1 in Unarmed Combat
   717 | D:2      | Reached skill level 1 in Invocations
   717 | D:2      | Reached skill level 1 in Evocations
   717 | D:2      | Reached XP level 4. HP: 32/32 MP: 11/11
  1045 | D:2      | Found a faded altar of an unknown god.
  1192 | D:2      | Found a hide-covered altar of Uskayaw.
  1435 | D:2      | Noticed Sigmund
  1454 | D:2      | Killed from afar by Sigmund

Skill      XL: |  1  2  3 |
---------------+----------+-----
Spellcasting   | 5 |  5.1
Stealth        | 6 |  6.0
Fighting       | 1 |  1.1
Long Blades    | 1 |  1.1
Axes           | 1 |  1.1
Maces & Flails | 1 |  1.1
Polearms       | 1 |  1.1
Staves         | 1 |  1.1
Slings         | 1 |  1.1
Bows           | 1 |  1.1
Crossbows      | 1 |  1.1
Throwing       | 1 |  1.1
Armour         | 1 |  1.1
Shields        | 1 |  1.1
Unarmed Combat | 1 |  1.1
Invocations    | 1 |  1.2
Evocations     | 1 |  1.1
Short Blades   | |  2.7
Dodging        | |  4.6
Conjurations   | |  0.9
Hexes          | |  5.4
Charms         | |  0.9
Summonings     | |  0.9
Necromancy     | |  0.9
Translocations | |  0.9
Transmutations | |  0.9
Fire Magic     | |  0.9
Ice Magic      | |  0.9
Air Magic      | |  0.9
Earth Magic    | |  0.9
Poison Magic   | |  0.9

Action                   |  1- 3 |  4- 6 || total
-------------------------+-------+-------++-------
Melee: Dagger            |    81 |    69 ||   150
       Bite              |    10 |     5 ||    15
 Cast: Corona            |       |     2 ||     2
  Use: Scroll            |     1 |       ||     1
 Stab: Sleeping          |    10 |     6 ||    16
  Eat: Chunk             |       |     2 ||     2
Armor: Robe              |    13 |    16 ||    29
Dodge: Dodged            |    47 |    51 ||    98
